 Dungeon Crawl Stone Soup version 0.31.0-32-g396128a36d (webtiles) character file.

Game seed: 9876757381832389821

477 Dvallin the Ruffian (level 7, -2/57 HPs)
             Began as a Naga Shapeshifter on Mar 12, 2024.
             Was an Initiate of Cheibriados.
             Slain by a gnoll sergeant
             ... wielding a +0 spear
              (8 damage)
             ... on level 5 of the Dungeon on Mar 31, 2024.
             The game lasted 00:14:40 (3911 turns).

Dvallin the Ruffian (Naga Shapeshifter)             Turns: 3911, Time: 00:14:41

Health: -2/57      AC:  3    Str: 25    XL:     7   Next: 11%
Magic:  7/7        EV: 10    Int: 12    God:    Cheibriados [......]
Gold:   156        SH:  0    Dex: 17    Spells: 6/6 levels left

rFire   . .          .
                       - Unarmed
rCold   . . .        (no shield)
rNeg    . . .        a - +0 animal skin
rPois   +            (helmet currently unavailable)
rElec   .            (cloak currently unavailable)
rCorr   .            (gloves currently unavailable)
SInv    +            (no barding)
Will    .....        (no amulet)
Stlth   ++           u - +6 ring of dexterity
HPRegen 0.29/turn    p - +6 ring of strength
MPRegen 0.10/turn

%: no passive effects
@: beast-form, very slow
A: beast (slay +3), AC +2, large, see invisible, deformed body, poison
resistance, slowness 2, spit poison 1, naga tail 1
a: Spit Poison, Begin Untransformation, Renounce Religion


You were on level 5 of the Dungeon.
You worshipped Cheibriados.
Cheibriados was noncommittal.
You were a hulking beast.
You visited 1 branch of the dungeon, and saw 5 of its levels.

You collected 178 gold pieces.
You spent 22 gold pieces at shops.

Inventory:

Armour
 a - a +0 animal skin (worn)
Jewellery
 m - a ring of wizardry
 p - a +6 ring of strength (right hand)
 u - a +6 ring of dexterity (left hand)
Talismans
 c - a beast talisman
 d - a flux talisman
Wands
 o - a wand of roots (14)
Scrolls
 e - a scroll of vulnerability
 g - a scroll of summoning {unknown}
 i - a scroll of noise {unknown}
 l - 2 scrolls of immolation {unknown}
 n - a scroll of identify
 q - 3 scrolls of blinking {unknown}
 s - 2 scrolls of poison {unknown}
 t - a scroll of torment {unknown}
 v - a scroll of amnesia {unknown}
 x - a scroll of revelation {unknown}
Potions
 b - 2 potions of lignification
 h - a potion of magic {unknown}
 j - a potion of brilliance {unknown}
 k - 3 potions of resistance {unknown}
 r - a potion of invisibility {unknown}
 w - a potion of degeneration {unknown}


   Skills:
 - Level 1.0 Fighting
 - Level 1.5 Dodging
 + Level 0.0 Stealth
 - Level 6.0 Unarmed Combat
 + Level 5.4 Shapeshifting


You had 6 spell levels left.
You didn't know any spells.
Your spell library contained the following spells:

 Spells                   Type           Power      Damage    Failure   Level
 Apportation              Tloc           0%         N/A       32%         1
 Kiss of Death            Conj/Necr      0%         2d5       32%         1
 Necrotise                Necr           0%         1d4       32%         1
 Sandblast                Erth           0%         2d4       32%         1
 Sting                    Conj/Alch      0%         1d3       32%         1
 Summon Small Mammal      Summ           0%         N/A       32%         1
 Confusing Touch          Hex            0%         N/A       69%         3
 Hailstorm                Conj/Ice       0%         3d5       69%         3
 Inner Flame              Hex/Fire       0%         N/A       69%         3
 Passwall                 Erth           0%         N/A       69%         3
 Stone Arrow              Conj/Erth      0%         3d7       69%         3
 Summon Ice Beast         Ice/Summ       0%         N/A       69%         3
 Brom's Barrelling Bould  Conj/Erth      0%         2d3       97%         4
 Dispel Undead            Necr           0%         3d6       97%         4
 Irradiate                Conj/Alch      0%         3d11      100%        5
 Sculpt Simulacrum        Ice/Alch       0%         N/A       100%        6
 Ignition                 Fire           0%         3d3       100%        8


Dungeon Overview and Level Annotations

Branches:
Dungeon (5/15)
 Temple: D:4-7

Altars:
Cheibriados
Elyvilon
Hepliaklqana
Kikubaaqudgha
Nemelex Xobeh
Qazlal
Trog
Uskayaw
Yredelemnul
Zin

Shops:
D:2 ??   D:3 [


Innate Abilities, Weirdness & Mutations

You are a hulking beast.
Your limbs bulge with bestial killing power. (Slay +3)
Your serpentine skin is tough. (AC +2)
You have supernaturally acute eyesight. (SInv)
Armour fits poorly on your strangely shaped body.
Your system is resistant to poisons. (rPois)
You cover ground very slowly.
You can spit poison.
You have a snake-like lower body.


Message History

The gnoll shouts!
The gnoll sergeant hits you with a +0 spear.
The gnoll hits you but does no damage.
The gnoll sergeant hits you but does no damage.
The gnoll closely misses you.
You hit the gnoll sergeant.
The gnoll sergeant is moderately wounded.
The gnoll sergeant hits you with a +0 spear.
The gnoll closely misses you.
You hit the gnoll sergeant but do no damage.
The gnoll sergeant is moderately wounded.
The gnoll sergeant barely misses you.
The gnoll hits you from afar with a +0 halberd!
You hit the gnoll sergeant.
The gnoll sergeant is heavily wounded.
You have got your breath back.
The gnoll sergeant hits you with a +0 spear.
The gnoll hits you from afar with a +0 halberd.
The gnoll sergeant blocks your attack.
The gnoll sergeant is heavily wounded.
The gnoll sergeant hits you with a +0 spear!
The gnoll hits you but does no damage.
You punch the gnoll sergeant!
The gnoll sergeant is almost dead.
The gnoll sergeant hits you with a +0 spear.
* * * LOW HITPOINT WARNING * * *
You hit the gnoll sergeant but do no damage.
Your punch misses the gnoll sergeant.
The gnoll sergeant is almost dead.
The gnoll barely misses you. The gnoll sergeant blocks your attack.
The gnoll sergeant is almost dead.
The gnoll sergeant hits you with a +0 spear.
* * * LOW HITPOINT WARNING * * *
The gnoll hits you from afar with a +0 halberd!
* * * LOW HITPOINT WARNING * * *
Unknown command.
It was a potion of curing.
You feel better.
The gnoll sergeant hits you with a +0 spear!
You die...

#
#.#################
#.................#
#.##.############.#
#..# #.....<#># ##h#
#.######.# ♣g♣
#........#
##.#♣♣g♣♣###########
..>...gg!.......
##.$#♣♣.♣♣###### #
♣.♣ #.# ..# .##


You could see a gnoll sergeant and 3 gnolls.

Vanquished Creatures
  2 kobold brigands (D:4)
  3 scorpions (D:4)
  A hound (D:4)
  An orc priest (D:4)
  An adder skeleton (D:2)
  An adder zombie (D:2)
  2 ribbon worms (D:2)
  A dart slug (D:2)
  5 orcs
  A bat zombie (D:2)
  8 endoplasms
  8 goblins
  7 hobgoblins
  3 jackals (D:1)
  18 kobolds
  3 quokkas
  3 ball pythons
  A ball python zombie (D:2)
  4 bats
  A jackal zombie (D:2)
  A quokka zombie (D:2)
  5 rats
80 creatures vanquished.

Notes
Turn   | Place    | Note
-------+----------+-------------------------------------------
     0 | D:1      | Dvallin the Naga Shapeshifter began the quest for the Orb.
     0 | D:1      | Reached XP level 1. HP: 18/18 MP: 1/1
   625 | D:1      | Reached XP level 2. HP: 25/25 MP: 2/2
   999 | D:2      | Reached skill level 4 in Unarmed Combat
  1026 | D:2      | Found Zaubosi's Magic Scroll Shop.
  1046 | D:2      | Reached XP level 3. HP: 31/31 MP: 3/3
  1056 | D:2      | Bought a scroll of identify for 22 gold pieces
  1299 | D:2      | Found The Oracle's Delphic Readings.
  1738 | D:3      | Reached XP level 4. HP: 37/38 MP: 4/4
  1974 | D:3      | Found Nadaont's Antique Armour Shoppe.
  2195 | D:3      | Reached skill level 5 in Unarmed Combat
  2380 | D:4      | Noticed a kobold brigand
  2541 | D:4      | Reached XP level 5. HP: 36/44 MP: 5/5
  2602 | D:4      | Reached skill level 6 in Unarmed Combat
  3210 | D:4      | Noticed a kobold brigand
  3221 | D:4      | Killed a kobold brigand
  3222 | D:4      | Reached XP level 6. HP: 51/51 MP: 6/6
  3487 | D:4      | Reached skill level 5 in Shapeshifting
  3599 | D:4      | Reached XP level 7. HP: 42/57 MP: 7/7
  3764 | D:4      | Found a sparkling altar of Nemelex Xobeh.
  3765 | D:4      | Found a glowing silver altar of Zin.
  3765 | D:4      | Found a basalt altar of Yredelemnul.
  3766 | D:4      | Found an ancient bone altar of Kikubaaqudgha.
  3767 | D:4      | Found a white marble altar of Elyvilon.
  3767 | D:4      | Found a bloodstained altar of Trog.
  3768 | D:4      | Found a hazy altar of Hepliaklqana.
  3769 | D:4      | Found a snail-covered altar of Cheibriados.
  3769 | D:4      | Found a hide-covered altar of Uskayaw.
  3770 | D:4      | Found a stormy altar of Qazlal.
  3839 | D:4      | Became a worshipper of Cheibriados the Contemplative
  3862 | D:5      | Entered Level 5 of the Dungeon
  3910 | D:5      | HP: 1/57 [gnoll/+0 halberd[a gnoll sergeant] (12)]
  3911 | D:5      | Slain by a gnoll sergeant

Illustrated notes

Levels and vault maps discovered:
D:1:      dpeg_arrival_concentric_ovals, layout_basic
D:2:      layout_loops_ring, serial_undead, serial_undead_b, serial_undead_a,
          serial_undead_f, serial_undead_f, serial_shops, shop,
          palyth_stone_intersect, nicolae_nh_oracle_at_delphi
D:3:      layout_rooms, serial_shops, nicolae_shop_tiny_glass
D:4:      cheibrodos_thug_alley, layout_basic, nicolae_overflows_in_rows
D:5:      layout_basic, minitemple, minmay_temple_entry_mist,
          cheibrodos_sewer_entry_bend, minmay_tree_intersection

Skill      XL: |  1  2  3  4  5  6 |
---------------+-------------------+-----
Unarmed Combat | 4 5 6 |  6.0
Shapeshifting  | 4 5 |  5.4
Fighting       | |  1.0
Dodging        | |  1.5

Action                     |  1- 3 |  4- 6 |  7- 9 || total
---------------------------+-------+-------+-------++-------
  Melee: Unarmed           |    84 |   102 |     7 ||   193
         Punch             |     1 |     2 |       ||     3
Ability: Spit Poison       |    26 |    21 |     1 ||    48
    Use: Scroll            |     1 |       |       ||     1
         Potion            |       |       |     1 ||     1
   Stab: Sleeping          |       |     2 |       ||     2
 Armour: Animal skin       |    55 |    63 |    13 ||   131
  Dodge: Dodged            |    36 |    49 |     5 ||    90
